 Dungeon Crawl Stone Soup version 0.22-a0-352-gc608dd7 (webtiles) character file.

51 mortelune the Magician (level 3, -2/24 HPs)
             Began as a Demonspawn Wizard on Apr 14, 2018.
             Slain by a howler monkey (6 damage)
             ... on level 1 of the Dungeon.
             The game lasted 00:05:20 (2010 turns).

mortelune the Magician (Demonspawn Wizard)          Turns: 2010, Time: 00:05:20

Health: -2/24      AC:  3    Str:  7    XL:     3   Next: 58%
Magic:  1/7        EV: 12    Int: 20    God:
Gold:   68         SH:  0    Dex: 11    Spells: 3/8 levels left

rFire    . . .     SeeInvis .   c - +0 hand axe
rCold    . . .     Gourm    .   (no shield)
rNeg     . . .     Faith    .   e - +0 robe
rPois    .         Spirit   .   b - +0 hat
rElec    .         Reflect  .   i - +0 cloak
rCorr    .         Harm     .   (no gloves)
MR       .....                  (no boots)
Stlth    +++.......             (no amulet)
HPRegen  0.08/turn              g - ring of wizardry
MPRegen  0.10/turn              (no ring)

@: no status effects
A: horns 1, nightstalker 1
a: no special abilities


You were on level 1 of the Dungeon.
You were not hungry.

You visited 1 branch of the dungeon, and saw 2 of its levels.

You collected 68 gold pieces.

Inventory:

Hand Weapons
 c - a +0 hand axe (weapon)
Armour
 a - a +0 robe
 b - a +0 hat (worn)
 e - a +0 robe (worn)
 i - a +0 cloak (worn)
Jewellery
 g - a ring of wizardry (left hand)
Scrolls
 h - 3 scrolls of identify {unknown}
 k - a scroll of random uselessness {unknown}
 m - a scroll of magic mapping {unknown}
Potions
 j - a potion of brilliance {unknown}
 l - a potion of cancellation {unknown}
 n - a potion of flight {unknown}
Comestibles
 d - 2 rations


   Skills:
 - Level 1.7 Dodging
 - Level 1.7 Stealth
 + Level 3.4 Spellcasting
 * Level 2.7 Conjurations
 + Level 1.4 Summonings
 - Level 0.8 Translocations


You had 3 spell levels left.
You knew the following spells:

 Your Spells              Type           Power        Failure   Level  Hunger
a - Magic Dart            Conj           ##..         1%          1    None
b - Call Imp              Summ           #.......     4%          2    ##.....
c - Blink                 Tloc           N/A          6%          2    ##.....


Dungeon Overview and Level Annotations

Branches:
Dungeon (2/15)

Altars:

Annotations:
D:2 Terence


Innate Abilities, Weirdness & Mutations

You have a pair of small horns on your head.
You are slightly more attuned to the shadows.


Message History

Confirm with . or Enter, or press ? or * to list all spells.
Aiming: Magic Dart (safe; 1% risk of failure)
Press: ? - help, Shift-Dir - straight line, f/p - howler monkey
Aim: a howler monkey (moderately wounded)
The magic dart hits the howler monkey.
The howler monkey is heavily wounded.
The howler monkey barely misses you.
Your crimson imp barely misses the howler monkey.
Casting: Magic Dart (safe; 1% risk of failure)
Confirm with . or Enter, or press ? or * to list all spells.
Aiming: Magic Dart (safe; 1% risk of failure)
Press: ? - help, Shift-Dir - straight line, f/p - howler monkey
Aim: a howler monkey (heavily wounded)
The magic dart hits the howler monkey.
The howler monkey is severely wounded.
The howler monkey hits you.
* * * LOW HITPOINT WARNING * * *
Your crimson imp closely misses the howler monkey.
The howler monkey hits you.
You die...

#.....^...........
#.################
#.# #...... #.#
#.#####
#.##########.#
#.........##.#
#5........##.#
#.h.......##.#####
#@..........).....
#.........##......
#.........########
##........# #.....
#........# #.####
########## #.# #.#
####'## #.(...#


You could see a howler monkey and a friendly crimson imp.

Vanquished Creatures
  An adder (D:2)
  An ooze (D:1)
  A leopard gecko (D:1)
  3 goblins
  5 hobgoblins (D:1)
  3 jackals (D:1)
  2 kobolds (D:1)
  A quokka (D:2)
  A ball python (D:1)
  2 bats
  3 frilled lizards
  4 rats (D:1)
27 creatures vanquished.

Vanquished Creatures (collateral kills)
  An adder (D:2)
1 creature vanquished.

Grand Total: 28 creatures vanquished

Notes
Turn   | Place    | Note
-------+----------+-------------------------------------------
     0 | D:1      | mortelune the Demonspawn Wizard began the quest for the Orb.
     0 | D:1      | Reached XP level 1. HP: 13/13 MP: 4/4
   378 | D:1      | Gained mutation: You have a pair of small horns on your head. [demonic ancestry]
   378 | D:1      | Reached XP level 2. HP: 14/19 MP: 0/6
   896 | D:1      | Learned a level 2 spell: Call Imp
   899 | D:1      | Learned a level 2 spell: Blink
  1549 | D:2      | Noticed Terence
  1577 | D:2      | Gained mutation: You are slightly more attuned to the shadows. [demonic ancestry]
  1577 | D:2      | Reached XP level 3. HP: 24/24 MP: 4/7
  2010 | D:1      | Slain by a howler monkey

Vault maps used:
D:1:      lightli_arrival_noodles
D:2:      nicolae_gozag_seed_capital, uniq_terence

Skill      XL: |  1  2 |
---------------+-------+-----
Conjurations   | 2 |  2.7
Dodging        | |  1.7
Stealth        | |  1.7
Spellcasting   | |  3.4
Summonings     | |  1.4
Translocations | |  0.8

Action                   || total
-------------------------++-------
Melee: Hand axe          ||    27
 Cast: Magic Dart        ||    79
       Call Imp          ||     2
  Eat: Chunk             ||     3
Armor: Robe              ||     9
Dodge: Dodged            ||    29

Table legend:
 A = Spawn XP
 B = Non-spawn XP
 C = Spawn XP percentage of total XP
 D = Spawn monster count
 E = Non-spawn monster count
 F = Spawn count percentage of total count
 G = Total turns spent on level
                    A         B        C        D         E        F      G
               +---------+---------+-------+---------+---------+-------+---------
         Total |       0 |      74 |   0.0 |       0 |      28 |   0.0 |  2010
               +---------+---------+-------+---------+---------+-------+---------
           D:1 |       0 |      40 |   0.0 |       0 |      20 |   0.0 |  1701
           D:2 |       0 |      34 |   0.0 |       0 |       8 |   0.0 |   309
               +---------+---------+-------+---------+---------+-------+---------
